 Seeded DCSS version 0.27.1-34-g3ba077fa99 (webtiles) character file.

Game seed: 74894893043 (custom seed)

331 lonewolfV2 the Ruffian (level 6, 0/59 HPs)
             Began as a Troll Fighter on Jan 6, 2022.
             Slain by a gnoll (3 damage)
             ... on level 4 of the Dungeon.
             The game lasted 00:05:25 (1805 turns).

lonewolfV2 the Ruffian (Troll Fighter)              Turns: 1805, Time: 00:05:27

Health: 0/59       AC: 11    Str: 25    XL:     6   Next: 26%
Magic:  5/5        EV:  9    Int:  4    God:
Gold:   116        SH:  9    Dex: 11    Spells: 5/5 levels left

rFire    . . .     SeeInvis .   o - +2 dagger (speed)
rCold    . . .     Faith    .   b - +0 kite shield
rNeg     . . .     Spirit   .   a - +0 robe
rPois    +         Reflect  .   (helmet restricted)
rElec    .         Harm     .   h - +2 cloak
rCorr    .         Rampage  .   (gloves unavailable)
Will     .....                  (boots unavailable)
Stlth    +.........             (no amulet)
HPRegen  1.19/turn              d - ring of poison resistance
MPRegen  0.09/turn              f - +4 ring of protection

@: no status effects
A: large, unfitting armour, claws 3, regeneration 1, shaggy fur 1, tough skin 1
a: no special abilities


You were on level 4 of the Dungeon.
You visited 1 branch of the dungeon, and saw 4 of its levels.

You collected 116 gold pieces.

Inventory:

Hand Weapons
 o - a +2 dagger of speed (weapon)
Armour
 a - a +0 robe (worn)
 b - a +0 kite shield (worn)
 h - a +2 cloak (worn)
Jewellery
 d - a ring of poison resistance (left claw)
 f - a +4 ring of protection (right claw)
Wands
 n - a wand of flame (24)
Scrolls
 i - a scroll of identify
 m - a scroll of teleportation
Potions
 c - a potion of might
 e - a potion of haste {unknown}
 g - a potion of curing
 k - a potion of lignification {unknown}
 l - a potion of attraction {unknown}


   Skills:
 + Level 2.7 Fighting
 + Level 3.6 Dodging
 + Level 3.9 Shields
 + Level 4.2 Unarmed Combat


You had 5 spell levels left.
You didn't know any spells.
Your spell library contained the following spells:

 Spells                   Type           Power      Damage    Failure   Level
 Beastly Appendage        Tmut           0%         N/A       86%         1
 Freeze                   Ice            0%         1d3       86%         1
 Wereblood                Tmut           0%         N/A       95%         2
 Frozen Ramparts          Ice            0%         1d2       99%         3
 Spider Form              Tmut/Pois      0%         N/A       99%         3
 Hailstorm                Conj/Ice       0%         3d3       100%        4


Dungeon Overview and Level Annotations

Branches:
Dungeon (4/15)
 Temple: D:4-7

Altars:

Annotations:
D:4 Robin


Innate Abilities, Weirdness & Mutations

You are too large for most types of armour.
You have claws for hands.
Your natural rate of healing is unusually fast.
You are covered in fur. (AC +1)
You have tough skin. (AC +1)


Message History

You block the adder's attack.
The gnoll hits you from afar with a +0 halberd.
The goblin hits you but does no damage. You block the goblin's attack.
The gnoll barely misses you.
You hit the goblin.
The goblin is heavily wounded.
The gnoll hits you with a +0 whip. The adder misses you.
You block the goblin's attack. You block the endoplasm's attack.
You block the gnoll's attack. The goblin hits you with a +0 dagger.
You block the goblin's attack. x2
You closely miss the goblin.
The goblin is heavily wounded.
You block the adder's attack. You block the goblin's attack.
You block the gnoll's attack. The gnoll barely misses you.
The endoplasm freezes you.
You are frozen.
The goblin hits you but does no damage.
The gnoll hits you from afar with a +0 halberd!
* * * LOW HITPOINT WARNING * * *
The goblin hits you with a +0 dagger.
* * * LOW HITPOINT WARNING * * *
The goblin hits you but does no damage.
You can't go up here!
Unknown command.
You can't go up here!
You hit the goblin.
You kill the goblin!
The adder barely misses you. The gnoll closely misses you.
You block the goblin's attack. The gnoll hits you with a +0 whip.
* * * LOW HITPOINT WARNING * * *
The endoplasm hits you.
* * * LOW HITPOINT WARNING * * *
The goblin closely misses you.
You hit the goblin.
You kill the goblin!
The adder bites you but does no damage.
The gnoll hits you from afar with a +0 halberd.
* * * LOW HITPOINT WARNING * * *
The goblin hits you but does no damage. x3
The gnoll hits you from afar with a +0 halberd.
You die...

###### ####### #....#
#.....###########....# .
.......##......##....#####.g<
.......(........#.........g.g
................g.g.......>#
...............Jgggg.......#
...............g@g.........#
...............ggSg........#
...................#.......#
......##...................#
..#####..........##..........
.................#..#......##
.######........... ...#.#. .#
.......... .... .##### ..


You could see Robin, 3 gnolls, an adder, an endoplasm, a hobgoblin (strong) and
6 goblins.

Vanquished Creatures
  Grinder (D:3)
  A centaur skeleton (D:4)
  3 adders
  A gnoll (D:4)
  An adder skeleton (D:4)
  3 worms
  A dart slug (D:4)
  5 bats
  5 endoplasms
  A giant cockroach (D:2)
  9 goblins
  3 hobgoblins
  3 jackals (D:2)
  2 quokkas (D:2)
  4 ball pythons
  A frilled lizard (D:3)
  11 kobolds
  4 rats
59 creatures vanquished.

Notes
Turn   | Place    | Note
-------+----------+-------------------------------------------
     0 | D:1      | lonewolfV2 the Troll Fighter began the quest for the Orb.
     0 | D:1      | Reached XP level 1. HP: 22/22 MP: 0/0
   250 | D:1      | Reached XP level 2. HP: 29/29 MP: 1/1
   253 | D:1      | Found a faded altar of an unknown god.
   780 | D:2      | Reached XP level 3. HP: 35/36 MP: 2/2
   978 | D:2      | Reached skill level 3 in Unarmed Combat
   991 | D:2      | You fall into a shaft and drop 1 floor!
  1100 | D:3      | Reached XP level 4. HP: 44/44 MP: 3/3
  1363 | D:3      | Noticed Grinder
  1386 | D:3      | Paralysed by Grinder for 3 turns
  1391 | D:3      | Killed Grinder
  1392 | D:3      | Reached skill level 4 in Unarmed Combat
  1392 | D:3      | Reached XP level 5. HP: 47/50 MP: 4/4
  1392 | D:3      | Reached XP level 6. HP: 55/59 MP: 5/5
  1784 | D:4      | Noticed Robin
  1805 | D:4      | Slain by a gnoll

Illustrated notes

Levels and vault maps discovered:
D:1:      nagdon_arrival_zigzag_paths, layout_basic,
          shapermc_ecumenical_altar_venn
D:2:      layout_rooms, grunt_decor_resistance
D:3:      layout_basic, uniq_grinder
D:4:      layout_rooms, minmay_misc_feat_diagonals, corexii_checkpoint_b,
          uniq_robin

Skill      XL: |  1  2  3  4 |
---------------+-------------+-----
Shields        | 3 |  3.9
Unarmed Combat | 3 4 |  4.2
Dodging        | 3 |  3.6
Fighting       | |  2.7

Action                   |  1- 3 |  4- 6 || total
-------------------------+-------+-------++-------
Melee: Unarmed           |   108 |    35 ||   143
       Dagger            |       |    34 ||    34
  Use: Scroll            |       |     3 ||     3
Armor: Robe              |   110 |    57 ||   167
Dodge: Dodged            |    78 |    38 ||   116
Block: Kite shield       |   102 |    62 ||   164
